 Dungeon Crawl Stone Soup version 0.26.0-3-g156281e41b (webtiles) character file.

Game seed: 10680626913870466241

104 jackrogers the Chopper (level 4, -2/37 HPs)
             Began as a Minotaur Gladiator on Jan 10, 2021.
             Was an Initiate of Ru.
             Succumbed to Terence's poison
             ... on level 2 of the Dungeon.
             The game lasted 00:02:39 (1381 turns).

jackrogers the Chopper (Minotaur Gladiator)         Turns: 1381, Time: 00:02:40

Health: -2/37      AC: 11    Str: 19    XL:     4   Next: 52%
Magic:  3/3        EV:  6    Int:  5    God:    Ru [......]
Gold:   169        SH:  0    Dex: 12    Spells: 3/3 levels left

rFire    . . .     SeeInvis .   a - +0 war axe
rCold    . . .     Faith    .   (no shield)
rNeg     . . .     Spirit   .   k - +0 plate armour
rPois    .         Reflect  .   c - +0 hat
rElec    .         Harm     .   e - +0 cloak
rCorr    .         Rampage  .   (no gloves)
Will     .....                  (no boots)
Stlth    ..........             (no amulet)
HPRegen  0.12/turn              (no ring)
MPRegen  0.08/turn              (no ring)

@: lethally poisoned (-2 -> -54)
A: retaliatory headbutt, horns 2, disrupted magic 1
a: Renounce Religion


You were on level 2 of the Dungeon.
You worshipped Ru.
Ru was noncommittal.
You visited 1 branch of the dungeon, and saw 2 of its levels.

You collected 169 gold pieces.

Inventory:

Hand Weapons
 a - a +0 war axe (weapon)
Missiles
 d - 3 throwing nets (quivered)
 m - 82 stones
Armour
 b - a +0 leather armour
 c - a +0 hat (worn)
 e - a +0 cloak (worn)
 k - a +0 plate armour (worn)
Jewellery
 h - a cursed ring of attention {unknown}
Scrolls
 f - 2 scrolls of identify {unknown}
 l - a scroll of blinking {unknown}
 n - a scroll of magic mapping {unknown}
Potions
 g - a potion of cancellation {unknown}
 i - a potion of curing {unknown}
 j - a potion of magic
 o - a potion of lignification {unknown}


   Skills:
 - Level 2.4 Fighting
 + Level 6.4 Axes
 - Level 2.0 Throwing
 - Level 3.3 Dodging


You had 3 spell levels left.
You didn't know any spells.
Your spell library was empty.

Dungeon Overview and Level Annotations

Branches:
Dungeon (2/15)

Altars:
Ru

Annotations:
D:2 Terence


Innate Abilities, Weirdness & Mutations

You reflexively headbutt those who attack you in melee.
You have a pair of horns on your head.
Your casting is slightly disrupted.


Message History

Terence barely misses you.
You closely miss Terence.
Terence is almost dead.
* * * LOW HITPOINT WARNING * * *
You feel very sick. Terence hits you but does no damage.
You are more poisoned.
You hit Terence but do no damage.
Terence is almost dead.
* * * LOW HITPOINT WARNING * * *
You feel very sick. Terence hits you but does no damage.
You closely miss Terence. You headbutt Terence.
Terence is almost dead.
* * * LOW HITPOINT WARNING * * *
You feel very sick. Terence hits you but does no damage.
You are more poisoned.
It was a potion of magic.
Magic courses through your body.
You die...

### #.##########
#...@@......
#.########## #.#
#.#########
#.........#
####.........#
#...................
#.............#....
#.............#...#


You could see Terence.

Vanquished Creatures
  A worker ant (D:2)
  2 adders (D:2)
  2 oozes
  A dart slug (D:2)
  2 leopard geckos (D:1)
  2 giant cockroaches (D:2)
  8 goblins
  7 hobgoblins
  2 quokkas (D:2)
  2 ball pythons
  7 bats
  3 frilled lizards
  6 kobolds
  6 rats
51 creatures vanquished.

Vanquished Creatures (others)
  2 plants (D:2)
2 creatures vanquished.

Grand Total: 53 creatures vanquished

Notes
Turn   | Place    | Note
-------+----------+-------------------------------------------
     0 | D:1      | jackrogers the Minotaur Gladiator began the quest for the
                  | Orb.
     0 | D:1      | Reached XP level 1. HP: 18/18 MP: 0/0
    51 | D:1      | Reached skill level 4 in Axes
   141 | D:1      | Reached XP level 2. HP: 24/25 MP: 1/1
   526 | D:1      | Reached skill level 5 in Axes
   533 | D:1      | You fall into a shaft and drop 1 floor!
   600 | D:2      | Reached XP level 3. HP: 30/30 MP: 2/2
  1078 | D:2      | Found a faded altar of an unknown god.
  1090 | D:2      | Became a worshipper of Ru the Awakened
  1111 | D:2      | Reached XP level 4. HP: 37/37 MP: 3/3
  1113 | D:2      | Reached skill level 6 in Axes
  1115 | D:2      | Gained mutation: Your casting is slightly disrupted. [Ru
                  | sacrifice]
  1368 | D:2      | Noticed Terence
  1381 | D:2      | Succumbed to Terence's poison

Illustrated notes

Levels and vault maps discovered:
D:1:      heliophobic_arrival_enchanted_forest, layout_loops_cross
D:2:      lemuel_upstairs_altar, layout_basic,
          chequers_ecumenical_altar_simple_redux, guppyfry_early_lair_pool,
          uniq_terence

Skill      XL: |  1  2  3  4 |
---------------+-------------+-----
Axes           | 4 5 6 |  6.4
Fighting       | |  2.4
Throwing       | |  2.0
Dodging        | |  3.3

Action                   |  1- 3 |  4- 6 || total
-------------------------+-------+-------++-------
Melee: War axe           |    60 |    39 ||    99
       Headbutt          |     9 |     5 ||    14
Invok: Sacrifice Essence |       |     1 ||     1
  Use: Potion            |       |     1 ||     1
Armor: Leather armour    |     9 |       ||     9
       Plate armour      |    25 |    40 ||    65
Dodge: Dodged            |    34 |     9 ||    43
